Cogmind - Beta 15 @@@ ROGUE MODE // 2025.08.30 @ 15:05:03 Player: the Result: Destroyed by D-53 Grenadier with Mini Grenade Launcher Performance ------------- Evolutions (0) 0 Regions Visited (2) 400 Robots Destroyed (31) 155 Value Destroyed (507) 507 Prototype IDs (3) 60 Alien Tech Used (0) 0 Bonus (0) 0 TOTAL SCORE: 1122 Bonus ------- None Cogmind --------- Core Integrity 0/250 Matter 258/300 Energy 265/265 System Corruption 0% Temperature Cool (0) Movement Walking (260) Ox2 Location -10/Mines Parts ------- > --- POWER (1) -------- Improved Ion Engine > --- PROPULSION (2) --- Aluminum Leg > --- UTILITY (2) ------ Large Storage Unit Seismic Detector > --- WEAPON (2) ------- (None) > --- INVENTORY (15) --- Improved Ion Engine Improved Ion Engine Improved Heat Sink High-capacity Storage Unit Light Armor Plating Light Armor Plating Hacking Suite Medium Laser Medium Laser Grenade Launcher Grenade Launcher Datajack Mining Laser Makeshift Hammer Peak State ------------ > --- POWER ------------ Improved Ion Engine > --- PROPULSION ------- Aluminum Leg Aluminum Leg > --- UTILITY ---------- Large Storage Unit Seismic Detector > --- WEAPON ----------- Light EM Pulse Cannon Light EM Pulse Cannon > --- INVENTORY -------- Improved Ion Engine Improved Ion Engine Aluminum Leg Improved Heat Sink High-capacity Storage Unit Light Armor Plating Light Armor Plating Hacking Suite Medium Laser Medium Laser Grenade Launcher Grenade Launcher Datajack Mining Laser Maul [Rating: 12] Favorites ----------- Power Ion Engine Engine Ion Engine Power Core Light Nuclear Core Propulsion Aluminum Leg Leg Aluminum Leg Utility Seismic Detector Device Seismic Detector Storage Large Storage Unit Protection Light Armor Plating Weapon Medium Laser Energy Gun Medium Laser Energy Cannon Light EM Pulse Cannon Ballistic Gun Assault Rifle Launcher Grenade Launcher Special Weapon Mining Laser Build | -11 -10 -10 ------- Run | Yrd Mat Min Slots Evolved . | . . . Power . | . . . Propulsion . | . . . Utility . | . . . Weapon . | . . . Parts Attached 29 | 8 16 5 Power 4 | 1 3 . Engine 3 | 1 2 . Core 1 | . 1 . Reactor . | . . . Propulsion 6 | 2 2 2 Treads . | . . . Leg 6 | 2 2 2 Wheel . | . . . Hover . | . . . Flight . | . . . Utility 8 | 2 5 1 Device 3 | 1 2 . Storage 3 | 1 2 . Processor . | . . . Hackware . | . . . Protection 2 | . 1 1 Artifact . | . . . Weapon 11 | 3 6 2 Energy Gun 4 | 1 3 . Energy Cannon 3 | . 1 2 Ballistic Gun 2 | 2 . . Ballistic Cannon . | . . . Launcher 1 | . 1 . Special Weapon 1 | . 1 . Impact Weapon . | . . . Slashing Weapon . | . . . Piercing Weapon . | . . . Special Melee Weapon . | . . . Unidentified Prototypes . | . . . Parts Lost 5 | . 1 4 Power . | . . . Propulsion 2 | . . 2 Utility 1 | . 1 . Weapon 2 | . . 2 Highest Loss Streak 4 | . 1 4 To Critical Strikes . | . . . Average Backups 9 | 1 9 15 Power . | . . 2 Propulsion . | . . 1 Utility 3 | . 3 5 Weapon 4 | 1 4 6 Tool/Special . | . . . Unused Backups 15 | . 7 8 Power 3 | . 1 2 Propulsion 1 | . 1 . Utility 5 | . 3 2 Weapon 5 | . 2 3 Tool/Special 1 | . . 1 Average Slot Usage (%) 99 | . 99 98 Engine 13 | . 12 14 Leg 27 | . 28 26 Device 11 | . 11 13 Storage 14 | . 14 14 Protection 2 | . 2 . Energy Gun 17 | . 20 9 Energy Cannon 6 | . 3 17 Ballistic Gun 1 | . 2 . Special Weapon 1 | . 1 . Peak Build Rating 12 | 7 10 12 Average Rating 8 | 5 8 11 On Entrance 5 | . 7 10 Naked Turns . | . . . Heaviest Build 38 | 13 32 38 Greatest Support 20 | 20 20 20 Greatest Overweight (x) 10 | . 1 10 Average Overweight (x) . | . . 1 Largest Inventory Capacity 20 | 8 20 15 Average Capacity 11 | 6 10 15 Most Carried 15 | 4 15 15 Average Carried 9 | 1 9 14 Final Capacity 15 | 8 15 15 Final Carried 15 | 4 15 14 Class Distribution -------------------- 100% | Mutant Dominant Class ---------------- Mutant | -10/Materials Mutant | -10/Mines Resources | -11 -10 -10 ----------- Run | Yrd Mat Min Matter Collected 652 | 251 353 48 Remotely . | . . . Salvage Created 894 | 164 621 109 Parts 58 | 12 41 5 Haulers Intercepted 2 | . 2 . Recyclers Shooed 1 | . 1 . Parts Field Recycled . | . . . Retrieved Matter . | . . . Parts Self-Destructed . | . . . Prevented . | . . . Kills | -11 -10 -10 ------- Run | Yrd Mat Min Combat Hostiles Destroyed 15 | . 10 5 Guns 1 | . 1 . Cannons 5 | . 4 1 AOE 8 | . 4 4 Classes Destroyed 9 | 2 7 . Worker 3 | . 3 . Builder 1 | . 1 . Tunneler 4 | 4 . . Hauler 2 | . 2 . Recycler 2 | 1 1 . Operator 1 | . 1 . Watcher 3 | . 3 . Swarmer 7 | . 4 3 Grunt 8 | . 6 2 Best Kill Streak 8 | 4 8 3 Combat Bots Only 4 | . 4 3 Max Kills in Single Turn 2 | 1 2 2 Gunslinging . | . . . Exploded 2 | . 2 1 Melee . | . . . Uniques/NPCs Destroyed . | . . . Combat | -11 -10 -10 -------- Run | Yrd Mat Min Hostile Shots Fired 74 | . 45 29 Missed 15 | . 10 5 Hits 59 | . 35 24 Melee 1 | . . 1 Projectile 58 | . 35 23 AOE 10 | . . 10 Damage Taken 1053 | . 445 608 Core 260 | . 93 167 Absorbed by Shields . | . . . Core Remaining (%) 100 | 100 . . Volleys Fired 66 | 10 51 5 Largest 2 | 2 2 2 Hottest 112 | 70 110 112 Shots Fired 116 | 20 89 7 Gun 70 | 20 50 . Cannon 30 | . 26 4 Launcher 8 | . 5 3 Special 8 | . 8 . Kinetic 13 | 10 3 . Thermal 91 | 10 81 . Explosive 8 | . 5 3 Electromagnetic 4 | . . 4 Robot Hit Streak 13 | 7 13 6 Robot Miss Streak 3 | 2 3 . Penetration Max . | . . . Secondary Targets . | . . . Shots Hit Robots 66 | 14 49 3 Core Hits 37 | 6 25 6 Critical Kills . | . . . Critical Parts Destroyed . | . . . Critical Strikes 2 | . 2 . Burn 2 | . 2 . Melee Attacks . | . . . Impact . | . . . Slashing . | . . . Piercing . | . . . Sneak Attacks . | . . . Combat Hostiles . | . . . Follow-up Attacks . | . . . Damage Inflicted 1545 | 185 1071 289 Guns 606 | 185 421 . Cannons 446 | . 352 94 Explosions 493 | . 298 195 Melee . | . . . Ramming . | . . . Kinetic 110 | 75 35 . Thermal 885 | 110 738 37 Explosive 456 | . 298 158 Electromagnetic 94 | . . 94 Impact . | . . . Slashing . | . . . Piercing . | . . . Highest Corruption . | . . . Average Corruption . | . . . Corruption Purged . | . . . Corruption Blocked . | . . . Overload Shots . | . . . Overflow Damage 6 | . 6 . Projectiles . | . . . Explosions 6 | . 6 . Melee . | . . . Knockbacks . | . . . Impact . | . . . Kinetic . | . . . Secondary . | . . . Self-Inflicted Damage 38 | . 38 . Shots 1 | . 1 . Rammed . | . . . Targets Rammed . | . . . Kicked . | . . . Crushed . | . . . Highest Temperature 290 | 72 290 141 Average Temperature 81 | 37 87 74 Received Heat Transfer 207 | . 192 15 Effects 1 | . 1 . Energy Bleed 1 | . 1 . Siege Activations . | . . . Martial Activations . | . . . Shielding Activations . | . . . Robots Disrupted . | . . . Combat Hostiles . | . . . Robots Corrupted . | . . . Combat Hostiles . | . . . Parts Fried . | . . . Impact Corruptions . | . . . Robots Melted 1 | . 1 . Combat Hostiles 1 | . 1 . Parts Melted 7 | . 7 . Heat Transferred 2368 | 333 2035 . Parts Sabotaged . | . . . Parts Stolen . | . . . Parts Stripped . | . . . Power Chain Reactions 1 | . . 1 Alert | -11 -10 -10 ------- Run | Yrd Mat Min Maximum Alert Level . | . . . Low Security (%) 100 | 100 100 100 Level 1 . | . . . Level 2 . | . . . Level 3 . | . . . Level 4 . | . . . Level 5 . | . . . High Security . | . . . Max Security . | . . . Peak Influence 186 | 10 186 110 Initial 1 | . . 1 Average 47 | 2 54 37 Influence Increases 559 | 25 394 140 Destroy 0b10 Robot/C 300 | . 200 100 Destroy 0b10 Robot/NC 80 | 25 55 . Destroy Leader 70 | . 50 20 Successful Hack 36 | . 36 . Disable Machine 15 | . 15 . Destroy Structure 43 | . 23 20 Lose Combat Pursuer 15 | . 15 . Influence Decreases 559 | 25 388 146 Entered New Map 5 | . . 5 Time Decay 524 | 25 378 121 Lost Part 30 | . 10 20 Squads Dispatched 1 | . 1 . Investigation . | . . . Extermination . | . . . Reinforcement 1 | . 1 . Assault . | . . . Garrison . | . . . Intercept . | . . . Searches Triggered . | . . . Construction Impeded . | . . . Haulers Reinforced . | . . . Active Scanning Responses . | . . . Cargo Convoy Interrupts . | . . . Stealth | -11 -10 -10 --------- Run | Yrd Mat Min Distress Signals 1 | . 1 . Communications Jammed . | . . . Distress Signals . | . . . Times Spotted 43 | . 20 23 Peak Tracking Total 22 | . 6 22 Tactical Retreats 1 | . 1 . Traps | -11 -10 -10 ------- Run | Yrd Mat Min Traps Triggered . | . . . Indirectly . | . . . Trap Hack Attempts . | . . . Triggered . | . . . Disarmed . | . . . Reprogrammed . | . . . Reused . | . . . Traps Extracted . | . . . Installed . | . . . Triggered . | . . . Machines | -11 -10 -10 ---------- Run | Yrd Mat Min Machines Disabled 1 | . 1 . Max in Single Turn 1 | . 1 . Machines Repaired . | . . . Machines Dismantled . | . . . Machines Sabotaged . | . . . Overloaded Fab Kills . | . . . Hacking | -11 -10 -10 --------- Run | Yrd Mat Min Machines Accessed 8 | . 8 . Terminals 7 | . 7 . Fabricators . | . . . Repair Stations . | . . . Recycling Units 1 | . 1 . Scanalyzers . | . . . Garrison Access . | . . . Total Hacks 31 | . 31 . Successful 17 | . 17 . Failed 13 | . 13 . Catastrophic . | . . . Database Lockouts 1 | . 1 . Manual 16 | . 16 . Terminals 30 | . 30 . Fabricators . | . . . Repair Stations . | . . . Recycling Units 1 | . 1 . Scanalyzers . | . . . Garrison Access . | . . . Terminal Hacks 12 | . 12 . Part Schematic 1 | . 1 . Prototype ID Bank 2 | . 2 . Terminal Index 1 | . 1 . Alert Level 1 | . 1 . Locate Traps 4 | . 4 . Patrol Status 1 | . 1 . Hauler Manifests 1 | . 1 . Zone Layout 1 | . 1 . Fabricator Hacks . | . . . Repair Station Hacks . | . . . Recycling Unit Hacks 1 | . 1 . Retrieve Components 1 | . 1 . Scanalyzer . | . . . Garrison Access Hacks . | . . . Unauthorized Hacks 4 | . 4 . Terminals 4 | . 4 . Botnet 2 | . 2 . Disrupt 1 | . 1 . Operators 1 | . 1 . Fabricators . | . . . Repair Stations . | . . . Recycling Units . | . . . Scanalyzers . | . . . Garrison Access . | . . . Data Cores Recovered . | . . . Used . | . . . Hacking Detections 7 | . 7 . Full Trace Events . | . . . Feedback Events . | . . . Feedback Blocked . | . . . Robot Schematics Acquired . | . . . Robots Built . | . . . Authchips . | . . . Time . | . . . Total Robot Build Rating . | . . . Part Schematics Acquired 1 | . 1 . Parts Built . | . . . Authchips . | . . . Time . | . . . Total Part Build Rating . | . . . Parts Repaired . | . . . Time . | . . . Parts Recycled . | . . . Recycled Matter . | . . . Retrieved Matter . | . . . Retrieved Components 10 | . 10 . Parts Scanalyzed . | . . . Part Schematics Acquired . | . . . Parts Damaged . | . . . Bothacking | -11 -10 -10 ------------ Run | Yrd Mat Min Used RIF Installer . | . . . Robots Hacked . | . . . Non-combat . | . . . Combat . | . . . Robot Hacks Applied . | . . . Relay Couplers Released . | . . . Fabnet Peak Effective % . | . . . Robots Rewired . | . . . Allies Hacked . | . . . Hacks Repelled . | . . . Allies | -11 -10 -10 -------- Run | Yrd Mat Min Total Allies . | . . . Largest Group . | . . . Highest-Rated Group . | . . . Highest-Rated Ally . | . . . Total Orders . | . . . Ally Attacks . | . . . Total Damage . | . . . Kills . | . . . Allies Corrupted . | . . . Allies Melted . | . . . Intel | -11 -10 -10 ------- Run | Yrd Mat Min Active Infowar (turns) 1341 | 38 940 363 Seismic 1341 | 38 940 363 Robot Analysis Total . | . . . Derelict Logs Recovered . | . . . Drone Launches . | . . . Drone Recoveries . | . . . Exploration | -11 -10 -10 ------------- Run | Yrd Mat Min Turns Passed 1812 | 121 1303 388 Spaces Moved 937 | 66 718 153 Core 5 | 4 . 1 Treads . | . . . Legs 932 | 62 718 152 Wheels . | . . . Hover . | . . . Flight . | . . . Fastest Speed 50 | 50 120 190 Average Speed 151 | 115 145 193 Slowest Speed 550 | 120 190 550 Overloaded Moves . | . . . Propulsion Burnouts . | . . . Robots Hopped . | . . . Potential Cave-ins . | . . . Cave-ins Triggered . | . . . Exploration Rate (%) 46 | 3 99 38 Regions Visited 2 Branch Regions 1 Pre-discovered Areas . | . . . Known Exits Taken . | . . . Unknown Exits Taken 2 | 1 1 . Scrap Searched . | . . . Spaces Dug 7 | . 7 . Terrain Destroyed 50 | . 28 22 Melee . | . . . Projectile 6 | . 6 . AOE 44 | . 22 22 Terrain Rammed . | . . . Walls Destroyed . | . . . Machines Disabled . | . . . Actions | -11 -10 -10 --------- Run | Yrd Mat Min Total 1197 | 87 874 236 Wait 103 | . 36 67 Move 935 | 65 717 153 Hop . | . . . Pick Up 29 | 3 25 1 Fast Attach 11 | 8 3 . Attach 3 | . 2 1 Detach 1 | 1 . . Swap 26 | . 19 7 Drop 23 | . 21 2 Fire 66 | 10 51 5 Melee . | . . . Ram . | . . . Kick . | . . . Crush . | . . . Escape Stasis . | . . . Rewire . | . . . Trap . | . . . Miscellaneous . | . . . Route ------- -11/Scrapyard -10/Materials (discovered 6 exits: [*Mat x3] / [*Min x2] / [*Sub]) -10/Mines (discovered 1 exit: [*Mat]) History --------- Turn | Location | Event 5 | -11/Scrapyard | Discovered new exit (range 14) 122 | -11/Scrapyard | Entered Materials 328 | -10/Materials | Build established: Mutant 405 | -10/Materials | Central database locked down 412 | -10/Materials | Discovered new exit (range 7) 766 | -10/Materials | Discovered new exit (range 7) 870 | -10/Materials | Discovered new exit (range 6) 1031 | -10/Materials | Discovered new exit (range 7) 1217 | -10/Materials | Discovered new exit (range 15) 1401 | -10/Materials | Discovered new exit (range 8) 1425 | -10/Materials | Entered Mines 1614 | -10/Mines | A weapon hastily lodged in a ceiling crevice suddenly fell to the ground 1738 | -10/Mines | Discovered new exit (range 15) 1784 | -10/Mines | Assembled infested the area 1789 | -10/Mines | Assisted by a Guerilla fighting off Assembled 1793 | -10/Mines | Core integrity fell below 50% 1802 | -10/Mines | Core integrity fell below 20% 1813 | -10/Mines | Destroyed by D-53 Grenadier with Mini Grenade Launcher Last Messages --------------- 01799_ Aluminum Leg destroyed. 01799_ Lgt. EM Pulse Cannon destroyed. 01799_ Aluminum Leg destroyed. 01800_ as-19892 destroyed. 01800_ as-88941 destroyed. 01800_ as-51968 destroyed. 01802_ The unstable cave ceiling collapses. 01802_ as-93856 destroyed. 01802_ as-55215 destroyed. 01802_ as-51650 destroyed. 01802_ as-20232 destroyed. 01804_ The unstable cave ceiling collapses. 01804_ as-27760 destroyed. 01804_ as-89921 destroyed. 01804_ as-51216 destroyed. 01805_ The unstable cave ceiling collapses. 01808_ as-50822 destroyed. 01809_ The unstable cave ceiling collapses. 01810_ Lgt. EM Pulse Cannon destroyed. 01811_ The unstable cave ceiling collapses. Map ----- +----------------------------------------------------+ | ????????????????# #?????# #????? | | ????????????????# #????## ##???? | | ??????######???## ###### ##??? | | ?????## ##??# #??? | | ###### #### #??? | | ## #### ##??? | | #??## ###???? | | #####???# #?????? | | ### ##???????# #?????? | | ##?## #????????# ###???? | | ##???# ##???????# ##??? | | ##???## ####???## #??? | | #???### ##??# #??? | | ######" #??# #??? | | ### % #??# #??? | | ### #?## ##??? | | ### ## ### #???? | | ??# #### ### < #???? | | ??# ##??##### #???? | | ??# #??????# %#???? | | ??## #??????## ## ##???? | | ??## #???????#### % ###?? | | ??# #????????## ##? | | ?# #????????# #? | | ?# ##????????### ##? | | ?# #####?????????# @ #? | | ?## ##?????????????# #? | | ??####??????????????# #? | | ????????????????????# #? | | ????????????????????# # ##? | | ????????????????????## #?? | | ?????????????????????# ?? | | ?????????????????????# #? | | ?????????????????????# #? | | ?????????????????????# dd #? | | ????????????????????? ? | | ?????????????????????# % #? | | ????????????????????? ##? | | ?????????????????????# ?? | | ?????????????????????# ?? | | ????????????????????? ?? | | ?????????????????????## ??? | | ???????????????????????? % #??? | | ????????????????????????% ???? | | ????????????????????????? ???? | | ????????????????????????? ????? | | ???????????????????????????????? | | ???????????????????????????????? | | ???????????????????????????????? | | ???????????????????????????????? | +----------------------------------------------------+ Best States ------------- Heat Dissipation 39 Energy Generation 12 Energy Capacity 265 Matter Stores 300 Matter Capacity 300 Sight Range 16 Terrain Scan Density 10 Armor Coverage 150 Evasion (%) 55 Item Schematics ----------------- Hcp. Storage Unit | -10/Materials | Hacked Robot Schematics ------------------ None Fabricated ------------ Nothing Repaired ---------- Nothing Alien Tech Used ----------------- None Achievements -------------- None Challenges ------------ None Game ------ Seed CryofiberGodInverter Manual? 0 Play Time 00:15:12 Cumulative 283.0 hours Start 2025.08.30 @ 14:49:34 End 2025.08.30 @ 15:05:03 Sessions 1 Manual Loads 0 Difficulty Rogue Special Mode None Game No. 195 Rogue 195 Adventurer 0 Explorer 0 Win Type - Total 3 Types 3/0/0/0/0/0/0/0/0/0 Lore% 73 Gallery% 73 Achievement% 60 Wizard Run 0 Options --------- Layout 1 ASCII 0 Keyboard 0 Movement Mouse Keybinds 0 Fullscreen 1 Font 32/SmallcapsGlow Map View 50x35 Zoom Use 0% Tactical HUD 1 Map Filters NONE Filters NONE Steam 1 RUN: 9f7a90fa-3788-4d8a-8ea9-e375e6864313